 Dungeon Crawl Stone Soup version 0.24.0-125-gc4c63601f3 (webtiles) character file.

Game seed: 42419516768995056, levelgen mode: deterministic

238 Amplified the Ducker (level 5, -3/67 HPs)
             Began as a Minotaur Earth Elementalist on Mar 20, 2020.
             Slain by Grinder (10 damage)
             ... while paralysed by Grinder
             ... on level 3 of the Dungeon.
             The game lasted 00:03:52 (2079 turns).

Amplified the Ducker (Minotaur Earth Elementalist)  Turns: 2079, Time: 00:03:53

Health: -3/67      AC:  3    Str: 19    XL:     5   Next: 78%
Magic:  6/6        EV:  2    Int: 12    God:
Gold:   73         SH:  0    Dex: 15    Spells: 5/6 levels left

rFire    . . .     SeeInvis .   g - +0 club
rCold    . . .     Gourm    .   (no shield)
rNeg     . . .     Faith    .   c - +1 robe
rPois    .         Spirit   .   (helmet restricted)
rElec    .         Reflect  .   (no cloak)
rCorr    .         Harm     .   (no gloves)
MR       .....                  (no boots)
Stlth    ..........             (no amulet)
HPRegen  0.21/turn              j - ring of stealth
MPRegen  0.10/turn              (no ring)

@: paralysed, agile, berserking
A: retaliatory headbutt, horns 2
a: no special abilities


You were on level 3 of the Dungeon.
You were not hungry.

You visited 1 branch of the dungeon, and saw 3 of its levels.

You collected 73 gold pieces.

Inventory:

Hand Weapons
 a - a +0 hunting sling
 g - a +0 club (weapon)
Missiles
 b - 97 stones (quivered)
Armour
 c - a +1 robe (worn)
Jewellery
 j - a ring of stealth (left hand)
Scrolls
 e - a scroll of remove curse
 f - a scroll of immolation
Potions
 h - a potion of might
 i - a potion of berserk rage
Comestibles
 d - 4 rations


   Skills:
 * Level 3.0 Fighting
 * Level 2.5 Maces & Flails
 * Level 2.1 Slings
 * Level 3.0 Armour
 * Level 3.7 Dodging
 - Level 1.5 Stealth
 - Level 1.3 Spellcasting
   Level 0.7 Transmutations
 - Level 2.4 Earth Magic


You had 5 spell levels left.
You knew the following spells:

 Your Spells              Type           Power        Failure   Level  Hunger
a - Sandblast             Erth           #.....       11%         1    ##.....

Your spell library contained the following spells:

 Spells                   Type           Power        Failure   Level  Hunger
 Passwall                 Tmut/Erth      #.......     24%         2    ###....
 Stone Arrow              Conj/Erth      #.....       47%         3    ####...
 Petrify                  Tmut/Erth      #.......     83%         4    #####..
 Lee's Rapid Deconstruct  Erth           #.........   96%         5    ######.


Dungeon Overview and Level Annotations

Branches:
Dungeon (3/15)

Altars:
Cheibriados
Fedhas
Hepliaklqana
Vehumet

Annotations:
D:3 Grinder


Innate Abilities, Weirdness & Mutations

You reflexively headbutt those who attack you in melee.
You have a pair of horns on your head.


Message History

You see here 2 blue potions.
i - 2 blue potions Grinder barely misses you.
You furiously retaliate!
You headbutt Grinder.
It was a potion of berserk rage.
A red film seems to cover your vision as you go berserk!
You feel yourself moving faster!
You feel mighty! Grinder misses you.
You closely miss Grinder. Your headbutt misses Grinder.
Grinder is lightly wounded.
Grinder gestures at you.
You suddenly lose the ability to move!
Grinder hits you! x2
You writhe in agony.
* * * LOW HITPOINT WARNING * * *
Grinder grins, showing sharp teeth.
Grinder hits you!
* * * LOW HITPOINT WARNING * * *
You writhe in agony.
* * * LOW HITPOINT WARNING * * *
Grinder hits you!
You die...

...( #..(####
### #....# ...
#....#######
#.#####........#
#...#....#####.#
#...#.#..# #.#
#.....(# #.#
##@5#.##
#.######
#..........#
#.......
#.######.###
##<##### ....
#.# ..(... #.#
#....... #.#
#)......# #.#
.......# ..# ###


You could see Grinder.

Vanquished Creatures
  Sigmund (D:2)
  2 adders (D:2)
  4 worms (D:2)
  An orc (D:3)
  4 giant cockroaches
  6 goblins
  6 hobgoblins
  4 jackals (D:1)
  A quokka (D:2)
  8 bats
  2 frilled lizards (D:2)
  4 kobolds (D:2)
  9 rats
52 creatures vanquished.

Notes
Turn   | Place    | Note
-------+----------+-------------------------------------------
     0 | D:1      | Amplified the Minotaur Earth Elementalist began the quest
                  | for the Orb.
     0 | D:1      | Reached XP level 1. HP: 14/14 MP: 1/1
   307 | D:1      | Reached skill level 1 in Fighting
   307 | D:1      | Reached skill level 1 in Armour
   307 | D:1      | Reached XP level 2. HP: 23/23 MP: 0/3
   940 | D:2      | Reached XP level 3. HP: 28/28 MP: 4/4
  1221 | D:2      | Noticed Sigmund
  1242 | D:2      | Killed Sigmund
  1242 | D:2      | Reached XP level 4. HP: 15/37 MP: 5/5
  1242 | D:2      | Reached XP level 5. HP: 18/44 MP: 6/6
  1285 | D:2      | Found a hazy altar of Hepliaklqana.
  1291 | D:2      | Found a radiant altar of Vehumet.
  1292 | D:2      | Found a snail-covered altar of Cheibriados.
  1294 | D:2      | Found a blossoming altar of Fedhas.
  2060 | D:3      | Noticed Grinder
  2062 | D:3      | Paralysed by Grinder for 4 turns
  2075 | D:3      | Paralysed by Grinder for 6 turns
  2079 | D:3      | Slain by Grinder

Levels and vault maps discovered:
D:1:      lemuel_arrival_tunnels, layout_rooms, serial_forest,
          infiniplex_forest_side_room, infiniplex_forest_side_room,
          infiniplex_forest_straight_1, infiniplex_forest_clump_curved,
          infiniplex_forest_lined_2, solitary_fountain, glass_columns_a
D:2:      layout_loops_ring, minitemple, uniq_sigmund
D:3:      layout_loops_cross, dancing_weapons_uskayaw, zin_purify, first_ration,
          uniq_crazy_yiuf_cottage, uniq_grinder, uniq_robin

Skill      XL: |  1  2  3  4  5 |
---------------+----------------+-----
Fighting       | 1 2 3 |  3.0
Armour         | 1 2 3 |  3.0
Maces & Flails | 2 |  2.5
Slings         | 2 |  2.1
Dodging        | 3 |  3.7
Stealth        | |  1.5
Spellcasting   | |  1.3
Transmutations | |  0.7
Earth Magic    | |  2.4

Action                   |  1- 3 |  4- 6 || total
-------------------------+-------+-------++-------
Melee: Unarmed           |    15 |       ||    15
       Headbutt          |     3 |       ||     3
       Club              |    16 |    12 ||    28
 Fire: Hunting sling     |    73 |    47 ||   120
Throw: Stone             |     1 |       ||     1
 Cast: Sandblast         |    13 |       ||    13
  Use: Scroll            |     5 |     2 ||     7
       Potion            |     5 |     2 ||     7
 Stab: Sleeping          |     1 |     3 ||     4
       Invisible         |       |     1 ||     1
  Eat: Chunk             |     1 |     3 ||     4
Armor: Robe              |    23 |     7 ||    30
Dodge: Dodged            |    44 |    20 ||    64
